AoeStats
← akroman2

Arena

509834873Analyzed
2v2 RM · 6d ago on Sep 28, 2026· 47m 41s· 4 players
Game mode
Random Map
Map size
Medium (4 player)
Population
200
Speed
Normal
Resources
Standard
Victory
Conquest
Starting age
Dark Age
Ending age
Imperial Age
RankedLock teamsTeams togetherTeam positionsShared explorationLock speedFull tech treeHidden civsTurbo modeCheats
Victory
Defeat
🇹🇷 Turks · Türkiye
1107
+15
🇪🇸 Britons · Spain
1103
+15
🇹🇷 Turks · Türkiye
1129
-17
🇷🇺 Goths · Russia
1036
-13
mingenbauer
10:05 Feudal Age
9:43 Loom
16:55 Castle Age
15:49 Double-Bit Axe
15:48 Horse Collar
29:08 Imperial Age
29:02 Forging
28:24 Pikeman
29:45 Scale Mail Armor
30:23 Wheelbarrow
29:35 Halberdier
32:59 Bow Saw
33:52 Ballistics
34:05 Cavalier
34:58 Husbandry
37:40 Iron Casting
37:11 Scale Barding Armor
37:49 Conscription
40:19 Heavy Scorpion
43:20 Crossbowman
43:26 Light Cavalry
44:14 Fletching
44:25 Padded Archer Armor
44:03 Arbalester
45:52 Chemistry
46:36 Yeomen
46:48 Bodkin Arrow
47:09 Leather Archer Armor
Furkan61
11:46 Feudal Age
12:55 Double-Bit Axe
13:02 Gold Mining
17:28 Castle Age
16:23 Fletching
16:33 Padded Archer Armor
18:08 Wheelbarrow
19:16 Gold Shaft Mining
18:55 Bow Saw
24:23 Leather Archer Armor
25:03 Squires
28:21 Imperial Age
34:19 Ring Archer Armor
akroman2
12:39 Feudal Age
13:24 Double-Bit Axe
13:20 Horse Collar
16:16 Castle Age
17:43 Gold Mining
19:28 Bow Saw
23:31 Imperial Age
21:29 Scale Mail Armor
23:12 Forging
25:17 Conscription
26:02 Wheelbarrow
25:13 Loom
25:15 Town Watch
27:54 Fletching
28:05 Padded Archer Armor
28:32 Heavy Plow
29:04 Hand Cart
28:56 Elite Skirmisher
31:31 Bodkin Arrow
31:52 Chain Mail Armor
32:12 Iron Casting
33:03 Squires
32:24 Pikeman
33:11 Bracer
35:36 Two-Man Saw
35:00 Ballistics
35:40 Chemistry
34:51 Masonry
34:22 Treadmill Crane
36:12 Man-at-Arms
36:12 Halberdier
37:36 Perfusion
38:42 Town Patrol
40:32 Anarchy
41:53 Crop Rotation
42:29 Blast Furnace
42:37 Architecture
42:20 Stone Mining
45:31 Leather Archer Armor
48:22 Ring Archer Armor
Favriel
10:54 Feudal Age
12:03 Double-Bit Axe
13:17 Gold Mining
14:08 Horse Collar
17:48 Castle Age
19:02 Bow Saw
19:30 Scale Barding Armor
20:28 Loom
20:30 Town Watch
23:09 Wheelbarrow
22:54 Heavy Plow
25:19 Stone Mining
25:55 Husbandry
26:06 Bloodlines
28:02 Gold Shaft Mining
29:01 Forging
32:43 Imperial Age
32:32 Masonry
34:38 Conscription
35:38 Cavalier
37:38 Fletching
44:54 Ballistics
47:43 Padded Archer Armor
Connection lost

Rejoining the realm…

Still unreachable

The connection could not be restored.

Session expired

The server has moved on; the page needs a fresh start.